AoeStats
← bassotto

Hideout

510141623Analyzed
1v1 RM · 2d ago on Sep 29, 2026· 47m 50s· 2 players
Game mode
Random Map
Map size
Tiny (2 player)
Population
200
Speed
Normal
Resources
Standard
Victory
Conquest
Starting age
Dark Age
Ending age
Imperial Age
RankedLock teamsTeams togetherTeam positionsShared explorationLock speedFull tech treeHidden civsTurbo modeCheats
Victory
Defeat
🇦🇷 Inca · Argentina
1193
+15
🇧🇷 Bengalis · Brazil
1167
-15
bassotto
10:17 Feudal Age
11:33 Loom
14:20 Castle Age
12:55 Double-Bit Axe
18:59 Fervor
19:28 Bow Saw
23:45 Wheelbarrow
25:22 Hand Cart
25:34 Fletching
26:41 Bodkin Arrow
27:34 Padded Archer Armor
28:53 Leather Archer Armor
31:24 Imperial Age
29:12 Husbandry
29:23 Bloodlines
32:18 Bracer
32:41 Paiks
32:58 Conscription
33:08 Forging
33:25 Ballistics
34:07 Chemistry
33:14 Siege Elephant
34:36 Ring Archer Armor
35:35 Iron Casting
37:32 Blast Furnace
37:25 Elite Battle Elephant
38:47 Scale Barding Armor
43:22 Light Cavalry
47:09 Elite Skirmisher
Anak
6:18 Loom
9:25 Feudal Age
9:32 Champi Runner
13:38 Double-Bit Axe
14:05 Horse Collar
19:18 Castle Age
18:59 Scale Mail Armor
19:09 Forging
19:21 Champi Warrior
20:01 Squires
24:53 Bow Saw
25:48 Heavy Plow
26:57 Wheelbarrow
26:16 Stone Mining
26:59 Gold Mining
27:13 Town Watch
31:13 Imperial Age
29:51 Chain Mail Armor
30:58 Gold Shaft Mining
31:23 Iron Casting
31:14 Hand Cart
33:00 Plate Mail Armor
34:03 Blast Furnace
33:40 Conscription
33:05 Elite Champi Warrior
34:59 Fabric Shields
36:25 Arson
42:20 Elite Kamayuk
Connection lost

Rejoining the realm…

Still unreachable

The connection could not be restored.

Session expired

The server has moved on; the page needs a fresh start.